 Dungeon Crawl Stone Soup version 0.27.1-3-gb3d3a73c9e (webtiles) character file.

Game seed: 13260534333465036986

79 pkoi the Ruffian (level 4, -13/44 HPs)
             Began as a Troll Monk on Oct 15, 2021.
             Mangled by a two-headed ogre (25 damage)
             ... on level 4 of the Dungeon.
             The game lasted 00:02:20 (789 turns).

pkoi the Ruffian (Troll Monk)                        Turns: 789, Time: 00:02:22

Health: -13/44     AC:  4    Str: 20    XL:     4   Next: 17%
Magic:  3/3        EV: 10    Int:  6    God:
Gold:   116        SH:  0    Dex: 12    Spells: 3/3 levels left

rFire    + . .     SeeInvis .     - Unarmed
rCold    . . .     Faith    .   (no shield)
rNeg     . . .     Spirit   .   a - +0 robe
rPois    .         Reflect  .   (helmet restricted)
rElec    .         Harm     .   (no cloak)
rCorr    .         Rampage  .   (gloves unavailable)
Will     .....                  (boots unavailable)
Stlth    ++........             (no amulet)
HPRegen  1.14/turn              k - ring of protection from fire
MPRegen  0.08/turn              (no ring)

@: no status effects
A: large, unfitting armour, claws 3, regeneration 1, shaggy fur 1, tough skin 1
a: no special abilities


You were on level 4 of the Dungeon.
You visited 1 branch of the dungeon, and saw 3 of its levels.

You collected 116 gold pieces.

Inventory:

Armour
 a - a +0 robe (worn)
Jewellery
 k - a ring of protection from fire (left claw)
Scrolls
 c - a scroll of fog {unknown}
 e - a scroll of amnesia {unknown}
 g - a scroll of enchant weapon {unknown}
 h - 3 scrolls of identify {unknown}
 j - a scroll of enchant armour {unknown}
Potions
 b - a potion of mutation {unknown}
 d - a potion of flight {unknown}
 f - a potion of brilliance {unknown}
 i - a potion of ambrosia {unknown}


   Skills:
 - Level 2.4 Fighting
 - Level 2.4 Dodging
 - Level 1.0 Stealth
 + Level 5.1 Unarmed Combat


You had 3 spell levels left.
You didn't know any spells.
Your spell library was empty.

Dungeon Overview and Level Annotations

Branches:
Dungeon (2/15)

Altars:


Innate Abilities, Weirdness & Mutations

You are too large for most types of armour.
You have claws for hands.
Your natural rate of healing is unusually fast.
You are covered in fur. (AC +1)
You have tough skin. (AC +1)


Message History

The giant cockroach bites you but does no damage.
You closely miss the giant cockroach. The giant cockroach closely misses you.
You scratch the giant cockroach.
You kill the giant cockroach!
Things that are here:
a +0 whip; a +0 flail; a +0 dagger
Found a shiny coral ring.
The two-headed ogre barely misses you.
The two-headed ogre hits you with a +0 giant club!!
Ouch! That really hurt!
* * * LOW HITPOINT WARNING * * *
You are too injured to fight recklessly!
You are too injured to fight recklessly!
You are too injured to fight recklessly!
You are too injured to fight recklessly!
You are too injured to fight recklessly!
You are too injured to fight recklessly!
You are too injured to fight recklessly!
You are too injured to fight recklessly!
You are too injured to fight recklessly!
You are too injured to fight recklessly!
You are too injured to fight recklessly!
You are too injured to fight recklessly!
You are too injured to fight recklessly!
You are too injured to fight recklessly!
You are too injured to fight recklessly!
You are too injured to fight recklessly!
Things that are here:
a +0 whip; a +0 flail; a +0 dagger An endoplasm comes into view.
The endoplasm barely misses you.
Things that are here:
a +0 trident; a +0 leather armour You claw the two-headed ogre! x2
The two-headed ogre is moderately wounded.
The two-headed ogre hits you with a +0 giant club!!
Ouch! That really hurt!
* * * LOW HITPOINT WARNING * * *
The two-headed ogre hits you with a +0 giant club!!
Ouch! That really hurt!
You die...

..........##.....
.......)#.##.##.#
#######.#.##.##.#
##.#.##.##.#
#...........
##.#.##.##.. #####
###.##.####
#.....##########.##.####
.......@OJ.....).##.....
#.###.##################
# # #############
............#
##.########.# #.######
#....... ########


You could see a two-headed ogre and an endoplasm.

Vanquished Creatures
  4 gnolls (D:2)
  A worm (D:2)
  4 orcs (D:4)
  4 endoplasms
  2 giant cockroaches (D:4)
  5 goblins
  2 hobgoblins (D:1)
  2 quokkas (D:1)
  A ball python (D:1)
  A bat (D:1)
  2 frilled lizards (D:1)
  A kobold (D:1)
  4 rats (D:1)
33 creatures vanquished.

Notes
Turn   | Place    | Note
-------+----------+-------------------------------------------
     0 | D:1      | pkoi the Troll Monk began the quest for the Orb.
     0 | D:1      | Reached XP level 1. HP: 22/22 MP: 0/0
   168 | D:1      | Reached XP level 2. HP: 29/29 MP: 1/1
   419 | D:1      | Reached skill level 4 in Unarmed Combat
   592 | D:2      | Reached XP level 3. HP: 30/36 MP: 2/2
   682 | D:2      | Reached XP level 4. HP: 43/44 MP: 3/3
   704 | D:2      | You fall into a shaft and drop 2 floors!
   764 | D:4      | Reached skill level 5 in Unarmed Combat
   764 | D:4      | Noticed a two-headed ogre
   789 | D:4      | Mangled by a two-headed ogre

Illustrated notes

Levels and vault maps discovered:
D:1:      dpeg_arrival_round_b, layout_rooms, minmay_pentomino_q4
D:2:      layout_rooms, ebering_ecumenical_altar_rust, serial_glass,
          glass_columns_a, glass_columns_a, glass_columns_a, glass_columns_a,
          glass_columns_a, glass_columns_c, glass_columns_c, glass_columns_a
D:4:      layout_loops_ring, minmay_misc_feat_columns, minmay_pentomino_pile

Skill      XL: |  1  2  3  4 |
---------------+-------------+-----
Unarmed Combat | 4 5 |  5.1
Fighting       | |  2.4
Dodging        | |  2.4
Stealth        | |  1.0

Action                   |  1- 3 |  4- 6 || total
-------------------------+-------+-------++-------
Melee: Unarmed           |    60 |    11 ||    71
       Punch             |       |     1 ||     1
 Stab: Sleeping          |     2 |       ||     2
Armor: Robe              |    16 |     3 ||    19
Dodge: Dodged            |    27 |     4 ||    31
